 Dungeon Crawl Stone Soup version 0.30-a0-165-g1891117ce2 (webtiles) character file.

Game seed: 3056271851991261277

725 qw the Chopper (level 7, -7/43 HPs)
             Began as a Gargoyle Fighter on Sept 28, 2022.
             Killed from afar by Maggie (18 damage)
             ... with a bolt of fire
             ... on level 7 of the Dungeon.
             The game lasted 00:01:24 (4160 turns).

qw the Chopper (Gargoyle Fighter)                   Turns: 4160, Time: 00:01:25

Health: -7/43      AC: 11    Str: 21    XL:     7   Next: 71%
Magic:  7/7        EV:  8    Int:  9    God:
Gold:   81         SH: 15    Dex:  9    Spells: 6/6 levels left

rFire   . . .      SeeInvis .    Y - +0 war axe
rCold   . . .      Faith    .    l - +2 kite shield
rNeg    + . .      Spirit   .    b - +0 scale mail
rPois   inf        Reflect  +    (no helmet)
rElec   +          Harm     .    (no cloak)
rCorr   .          Rampage  .    (no gloves)
Will    .....                    (no boots)
Stlth   ..........               k - amulet of reflection
HPRegen 0.14/turn                (no ring)
MPRegen 0.10/turn                (no ring)

@: mesmerised
A: sickness immunity, AC +4, negative energy resistance 1, electricity
resistance, torment resistance 1, petrification resistance
a: no special abilities


You were on level 7 of the Dungeon.
You visited 1 branch of the dungeon, and saw 5 of its levels.

You collected 151 gold pieces.
You spent 70 gold pieces at shops.


Innate Abilities, Weirdness & Mutations

You are immune to sickness and miasma.
Your stone body is resilient. (AC +4)
You are immune to poison.
You resist negative energy. (rN+)
You are resistant to electric shocks. (rElec)
You are resistant to unholy torment.
You are immune to petrification.


   Skills:
 - Level 4.0 Fighting
 + Level 5.7 Axes
 - Level 1.2 Throwing
 - Level 3.2 Armour
 - Level 2.0 Dodging
 - Level 5.4 Shields


You had 6 spell levels left.
You didn't know any spells.
Your spell library was empty.

Inventory:

Hand Weapons
 c - a +0 flail
 Y - a +0 war axe (weapon)
Missiles
 i - 2 javelins (quivered)
Armour
 b - a +0 scale mail (worn)
 h - a +0 chain mail
 l - a +2 kite shield (worn)
Jewellery
 k - an amulet of reflection (around neck)
Scrolls
 j - 2 scrolls of identify
 m - 3 scrolls of enchant armour {unknown}
 n - a scroll of teleportation {unknown}
Potions
 a - a potion of flight {unknown}
 d - 3 potions of might
 e - a potion of mutation {unknown}
 g - 2 potions of heal wounds

Dungeon Overview and Level Annotations

Branches:
Dungeon (7/15)
 Temple: D:4-7

Altars:
Elyvilon
Kikubaaqudgha

Shops:
D:4 (

Annotations:
D:3 1 runed translucent door, Crazy Yiuf
D:7 1 runed translucent door, Maggie; qw's ghost, novice GrFi


Message History

The grasping roots grab you! The grasping roots constrict you.
You escape the roots grasp.
Found a stone staircase leading down.
Maggie points at you and mumbles some strange words.
The bolt of fire hits you!
Maggie zaps a wand.
The roots erupt in riotous growth!
The grasping roots grab you!
Maggie is unaffected.
The grasping roots constrict you.
You hit Maggie.
Maggie is lightly wounded.
You block Maggie's attack. The grasping roots constrict you.
You hit Maggie.
Maggie is lightly wounded.
You block Maggie's attack. The grasping roots constrict you.
Maggie hits you with a +0 morningstar. The grasping roots constrict you.
The grasping roots release their grip on you.
You barely miss Maggie.
Maggie is lightly wounded.
Maggie hits you with a +0 morningstar!
You barely miss Maggie.
Maggie is lightly wounded.
You break out of your daze.
Maggie gestures wildly while chanting.
Maggie attempts to bespell you! You resist.
Maggie casts a spell.
Maggie attempts to bespell you! You resist.
You hit Maggie.
Maggie is lightly wounded.
Maggie hits you but does no damage.
You slash Maggie!
Maggie is moderately wounded.
Maggie gestures wildly while chanting.
Maggie attempts to bespell you!
You are mesmerised by Maggie!
You hit Maggie.
Maggie is moderately wounded.
You block Maggie's attack. Maggie casts a spell at you.
The bolt of fire hits you!!
You die...

#...... #>. ... #.. ...
#.# ..# #.#
#.############
#.####.###.##..........
#....@..##.##(########.
##@.##.##)########.
#.......)).........
#....#############.
#....# #. #....# #.
#....# #. #....# ..
#^...# .. #....# ..


You could see Maggie (mesmerising).

Vanquished Creatures
  Menkaure (D:7)
  An ice beast (D:7)
  A phantom (D:4)
  A necrophage (D:7)
  2 scorpions
  A hound (D:4)
  An orc priest (D:4)
  3 orc wizards (D:7)
  4 adders
  A worm (D:4)
  4 dart slugs
  9 orcs
  7 ball pythons
  10 endoplasms
  2 giant cockroaches
  6 hobgoblins
  7 jackals (D:2)
  3 quokkas
  3 bats
  3 frilled lizards
  7 goblins
  10 kobolds
  3 rats
90 creatures vanquished.

Vanquished Creatures (others)
  3 plants (D:3)
3 creatures vanquished.

Grand Total: 93 creatures vanquished

Notes
Turn   | Place    | Note
-------+----------+-------------------------------------------
     0 | D:1      | qw the Gargoyle Fighter began the quest for the Orb.
     0 | D:1      | Reached XP level 1. HP: 14/14 MP: 1/1
     0 | D:1      | 0 ||| qw: Version: 0.2-a-12-gaebbb33
     0 | D:1      | 0 ||| qw: Game counter: 920
     0 | D:1      | 0 ||| qw: Always use a shield: true
     0 | D:1      | 0 ||| qw: God list: Okawaru
     0 | D:1      | 0 ||| qw: Allow faded altars: false
     0 | D:1      | 0 ||| qw: Do Orc after D:15 true
     0 | D:1      | 0 ||| qw: Do second Lair branch before Depths: true
     0 | D:1      | 0 ||| qw: Lair rune preference: random
     0 | D:1      | 0 ||| qw: Plans: Normal, Zot:1-4, God:TSO, Crypt, Tomb,
                  | Pan, Slime:5, Hells, Abyss, Orb
     0 | D:1      | 0 ||| PLANNING D:1-11
   315 | D:1      | Reached XP level 2. HP: 19/19 MP: 2/2
   363 | D:1      | 363 ||| Stepping ~*~*~tactically~*~*~ (hiding).
   887 | D:1      | Found a faded altar of an unknown god.
   944 | D:1      | Reached skill level 3 in Axes
   961 | D:1      | 961 ||| READING scroll labelled CANTAE VUPYCVO.
   962 | D:1      | 962 ||| READING scroll labelled FAOPSO OWAYPP.
  1031 | D:2      | Reached XP level 3. HP: 23/23 MP: 3/3
  1053 | D:2      | 1053 ||| Stepping ~*~*~tactically~*~*~ (hiding).
  1054 | D:2      | 1054 ||| Stepping ~*~*~tactically~*~*~ (hiding).
  1129 | D:2      | 1129 ||| DROPPING +0 club.
  1161 | D:2      | 1161 ||| Stepping ~*~*~tactically~*~*~ (stealth).
  1163 | D:2      | 1163 ||| Stepping ~*~*~tactically~*~*~ (stealth).
  1189 | D:2      | 1189 ||| Stepping ~*~*~tactically~*~*~ (stealth).
  1548 | D:2      | 1548 ||| Stepping ~*~*~tactically~*~*~ (hiding).
  1662 | D:2      | 1662 ||| Stepping ~*~*~tactically~*~*~ (stealth).
  1924 | D:2      | 1924 ||| Stepping ~*~*~tactically~*~*~ (stealth).
  2027 | D:2      | 2027 ||| Stepping ~*~*~tactically~*~*~ (stealth).
  2034 | D:2      | Reached XP level 4. HP: 28/28 MP: 4/4
  2034 | D:2      | Found an ancient bone altar of Kikubaaqudgha.
  2288 | D:2      | 2288 ||| UPGRADING to +2 kite shield.
  2298 | D:2      | 2298 ||| DROPPING +0 buckler.
  2299 | D:2      | 2299 ||| UPGRADING to amulet of reflection.
  2304 | D:2      | 2304 ||| READING scroll labelled XIOKHL BAUCRIET.
  2305 | D:2      | 2305 ||| READING scroll labelled FUFRUM BOQA.
  2306 | D:2      | 2306 ||| DRINKING 2 viscous cyan potions.
  2307 | D:2      | 2307 ||| DRINKING 3 bubbling black potions.
  2308 | D:2      | 2308 ||| DRINKING 2 bubbling yellow potions.
  2309 | D:2      | 2309 ||| DROPPING potion of magic.
  2411 | D:3      | Noticed a scorpion
  2419 | D:3      | Killed a scorpion
  2420 | D:3      | Reached XP level 5. HP: 31/32 MP: 5/5
  2440 | D:3      | 2440 ||| Stepping ~*~*~tactically~*~*~ (stealth).
  2563 | D:3      | 2563 ||| Stepping ~*~*~tactically~*~*~ (stealth).
  2572 | D:3      | 2572 ||| Stepping ~*~*~tactically~*~*~ (stealth).
  2591 | D:3      | 2591 ||| Stepping ~*~*~tactically~*~*~ (water).
  2792 | D:3      | Found a runed translucent door.
  2793 | D:3      | Noticed Crazy Yiuf
  3272 | D:3      | Found a white marble altar of Elyvilon.
  3362 | D:3      | 3362 ||| DROPPING amulet of guardian spirit.
  3389 | D:4      | Found Xapnaj's Antique Weapon Emporium.
  3392 | D:4      | 3392 ||| BUYING flail (70 gold).
  3392 | D:4      | Bought a flail for 70 gold pieces
  3392 | D:4      | 3392 ||| SHOPLISTING translucent whip (150 gold, have 67).
  3392 | D:4      | 3392 ||| DROPPING +0 mace.
  3394 | D:4      | 3394 ||| Stepping ~*~*~tactically~*~*~ (stealth).
  3396 | D:4      | 3396 ||| Stepping ~*~*~tactically~*~*~ (stealth).
  3407 | D:4      | 3407 ||| Stepping ~*~*~tactically~*~*~ (hiding).
  3415 | D:4      | Reached skill level 1 in Throwing
  3583 | D:4      | Reached XP level 6. HP: 37/37 MP: 6/6
  3778 | D:4      | You fall into a shaft and drop 3 floors!
  3793 | D:7      | Found a runed translucent door.
  3794 | D:7      | Noticed qw's ghost (novice GrFi)
  3934 | D:7      | Noticed Menkaure
  3935 | D:7      | 3935 ||| Stepping ~*~*~tactically~*~*~ (hiding).
  3944 | D:7      | Killed Menkaure
  3945 | D:7      | Reached XP level 7. HP: 17/43 MP: 7/7
  3983 | D:7      | 3983 ||| Stepping ~*~*~tactically~*~*~ (stealth).
  4014 | D:7      | 4014 ||| DRINKING potion of curing.
  4014 | D:7      | 4014 ||| (to cure confusion)
  4016 | D:7      | 4016 ||| Stepping ~*~*~tactically~*~*~ (hiding).
  4046 | D:7      | Noticed Maggie
  4047 | D:7      | 4047 ||| Stepping ~*~*~tactically~*~*~ (stealth).
  4160 | D:7      | Killed from afar by Maggie

Levels and vault maps discovered:
D:1:      roderic_crossed_star, layout_rooms,
          hellmonk_ecumenical_altar_inner_sanctum
D:2:      layout_basic, basic_altar, minmay_cupped
D:3:      layout_basic, nicolae_elyvilon_temple_path, serial_bayou_pond_b,
          corner_web_ring, uniq_crazy_yiuf_cottage
D:4:      minmay_evil_eye, layout_loops_ring, serial_shops,
          nicolae_stop_n_shop_1, grunt_ministairs_14
D:7:      layout_basic, mainiacjoe_overflow_small_starburst,
          hellmonk_ghost_happy_afterlife, serial_shops, shop, uniq_menkaure,
          uniq_maggie

Skill      XL: |  1  2  3  4  5  6 |
---------------+-------------------+-----
Axes           | 2 3 4 5 |  5.7
Shields        | 4 5 |  5.4
Throwing       | 1 |  1.2
Fighting       | 4 |  4.0
Dodging        | 2 |  2.0
Armour         | |  3.2

Action                   |  1- 3 |  4- 6 |  7- 9 || total
-------------------------+-------+-------+-------++-------
Melee: War axe           |   118 |   136 |    49 ||   303
Throw: Javelin           |       |     9 |       ||     9
  Use: Scroll            |     2 |     2 |       ||     4
       Potion            |       |     3 |     1 ||     4
Armor: Scale mail        |    59 |    48 |    17 ||   124
Dodge: Dodged            |    45 |    30 |    10 ||    85
Block: Buckler           |    20 |     4 |       ||    24
       Kite shield       |       |    92 |    39 ||   131
       Reflection        |       |       |     1 ||     1

Table legend:
 A = Non-vault XP
 B = Vault XP
 C = Vault XP percentage of total XP
 D = Non-vault monster count
 E = Vault monster count
 F = Vault count percentage of total count
                 A         B        C        D         E       F
            +---------+---------+-------+---------+---------+-------
      Total |     854 |     182 |  17.6 |      82 |       8 |   8.9
            +---------+---------+-------+---------+---------+-------
        D:1 |      32 |       0 |   0.0 |      17 |       0 |   0.0
        D:2 |      56 |       6 |   9.7 |      25 |       2 |   7.4
        D:3 |     118 |      19 |  13.9 |      17 |       5 |  22.7
        D:4 |     306 |       0 |   0.0 |      12 |       0 |   0.0
        D:7 |     342 |     157 |  31.5 |      11 |       1 |   8.3
            +---------+---------+-------+---------+---------+-------
